 Dungeon Crawl Stone Soup version 0.29-a0-506-ga2e7fffb44 (webtiles) character file.

Game seed: 11177210674246856734

16480 ders the Eclecticist (level 12, -12/70 HPs)
             Began as a Djinni Conjurer on May 28, 2022.
             Was a Follower of Ashenzari.
             Mangled by a blink frog (18 damage)
             ... on level 3 of the Lair of Beasts.
             The game lasted 00:16:40 (16470 turns).

ders the Eclecticist (Djinni Conjurer)             Turns: 16470, Time: 00:16:41

Health: -12/70     AC:  4    Str:  6    XL:     12   Next: 70%
Gold:   859        EV: 12    Int: 27    God:    Ashenzari [*.....] SH:  0 Dex: 13

rFire   + + .      SeeInvis .   H - staff of earth (curse) {Self, Range}
rCold   + + +      Faith    .   (no shield)
rNeg    . . .      Spirit   .   (no body armour)
rPois   ∞          Reflect  .   Q - +1 hat
rElec   .          Harm     .   q - +0 cloak of Supernal Gnosis {Self, Cun} (curse)
rCorr   +          Rampage  .   c - +1 pair of gloves "Uwkevac" {-Tele Fly rC+++ Int+3}
Will    +....      NoTele   +   (boots unavailable)
Stlth   ++........              (no amulet)
HPRegen 0.21/turn               r - ring of resist corrosion
MPRegen 0.00/turn               K - ring of protection from cold

@: flying, studying Polearms
A: sickness immunity, fire resistance 2, cold vulnerability 1, float, innate
caster, HP casting, extra vitality 1
a: Renounce Religion, Curse Item, Shatter the Chains


You were on level 3 of the Lair of Beasts.
You worshipped Ashenzari.
Ashenzari was aware of your devotion.
You visited 3 branches of the dungeon, and saw 14 of its levels.
You also visited: Gauntlet.

You collected 989 gold pieces.
You spent 130 gold pieces at shops.

Inventory:

Missiles
 D - a throwing net
Armour
 a - a +0 robe
 c - the +1 pair of gloves "Uwkevac" (worn) {-Tele Fly rC+++ Int+3}
   (You acquired it on level 8 of the Dungeon)

   Int:       It affects your intelligence (+3).
   rC:        It renders you almost immune to cold.
   Fly:       It grants you flight.
   -Tele:     It prevents most forms of teleportation.
 l - the +1 leather armour of the Cuttlefish {rCorr Int+2}
   (You found it on level 3 of the Dungeon)

   Int:       It affects your intelligence (+2).
   rCorr:     It protects you from acid and corrosion.
 q - the cursed +0 cloak of Supernal Gnosis (worn) {Self, Cun}
   (You found it on level 4 of the Dungeon)

   It has a curse which improves the following skills: Introspection: Fighting
   and Spellcasting.
   Cunning:   Dodging and Stealth.
 C - a +0 pair of gloves
 I - +0 steam dragon scales
 L - a +0 tower shield
 Q - a +1 hat (worn)
Magical Staves
 d - a staff of fire
 o - a staff of poison
 H - a cursed staff of earth (weapon) {Self, Range}
Jewellery
 r - a ring of resist corrosion (left hand)
 y - a ring of see invisible
 G - a ring of willpower
 J - a +4 ring of slaying
 K - a ring of protection from cold (right hand)
Wands
 j - a wand of flame (17)
 t - a wand of mindburst (12)
 x - a wand of polymorph (8)
 F - a wand of iceblast (10)
 M - a wand of charming (4)
Scrolls
 b - 2 scrolls of enchant weapon
 g - 3 scrolls of poison
 i - 3 scrolls of teleportation
 k - 3 scrolls of vulnerability
 s - 2 scrolls of immolation
 v - 2 scrolls of fog
 w - 3 scrolls of blinking
 E - 8 scrolls of identify
 N - a scroll of fear
 O - a scroll of enchant armour
Potions
 e - 2 potions of lignification
 f - 7 potions of curing
 h - 2 potions of attraction
 m - a potion of heal wounds
 n - a potion of haste
 p - 2 potions of berserk rage
 u - 3 potions of degeneration
 z - a potion of invisibility
 A - a potion of ambrosia
 B - 3 potions of flight
 P - a potion of might


   Skills:
 - Level 2.1(2.8) Dodging
 - Level 1.5(2.2) Stealth
 + Level 15.5(16.7) Spellcasting


You had 17 spell levels left.
You knew the following spells:

 Your Spells              Type           Power      Damage    Failure   Level
a - Magic Dart            Conj           100%       1d8       0%          1
b - Stone Arrow           Conj/Erth      100%       3d13      0%          3
c - Dazzling Flash        Conj/Hex       100%       N/A       0%          3
d - Fulminant Prism       Conj/Hex       42%        3d20      1%          4
e - Iskenderun's Mystic   Conj/Tloc      85%        2d17      1%          4
f - Sting                 Tmut/Pois      100%       1d8       0%          1
g - Poisonous Vapours     Pois/Air       100%       N/A       0%          2
h - Tukima's Dance        Hex            85%        N/A       0%          3
i - Searing Ray           Conj           100%       2d8       0%          2
j - Summon Ice Beast      Ice/Summ       85%        N/A       1%          4
Your spell library was empty.

Dungeon Overview and Level Annotations

Branches:
Dungeon (10/15)            Temple (1/1) D:6            Lair (3/6) D:8
Gauntlet (visited)
  Swamp: Lair:2-4    Shoals: Lair:2-4     Snake: Lair:2-4    Spider: Lair:2-4
    Orc: D:9-12

Altars:
Ashenzari
Cheibriados
Sif Muna
The Shining One
Jiyva

Shops:
D:5 *

Annotations:
D:4 2 runed translucent doors, IEatYoBabies's ghost, amateur KoHu
D:7 2 transporters, Grum; porpoise's ghost, novice BaAM


Innate Abilities, Weirdness & Mutations

You are immune to sickness and miasma.
You are immune to poison.
Your flesh is very heat resistant. (rF++)
You are vulnerable to cold. (rC-)
You float through the air rather than walking.
You learn spells naturally, not from books.
Your magical power is your life essence.
You have superior vitality. (+4 MHP)


Message History

Press: ? - help, Shift-Dir - straight line, f/p - blink frog
Aim: a blink frog (almost dead, 61% to hit)
You feel a surge of power!
The stone arrow misses the blink frog.
Unknown command.
Casting: Stone Arrow (safe; 0% risk of failure)
Confirm with . or Enter, or press ? or * to list all spells.
Aiming: Stone Arrow (safe; 0% risk of failure)
Press: ? - help, Shift-Dir - straight line, f/p - blink frog
Aim: a blink frog (almost dead, 61% to hit)
You feel a surge of power!
The stone arrow hits the blink frog!!
You kill the blink frog!
Unknown command.
Casting: Stone Arrow (safe; 0% risk of failure)
Confirm with . or Enter, or press ? or * to list all spells.
Aiming: Stone Arrow (safe; 0% risk of failure)
Press: ? - help, Shift-Dir - straight line, f - blink frog
Aim: a blink frog (61% to hit)
You feel a surge of power!
The stone arrow misses the blink frog.
Unknown command.
Casting: Stone Arrow (safe; 0% risk of failure)
Confirm with . or Enter, or press ? or * to list all spells.
Aiming: Stone Arrow (safe; 0% risk of failure)
Press: ? - help, Shift-Dir - straight line, f/p - blink frog
Aim: a blink frog (61% to hit)
You feel a surge of power!
The stone arrow misses the blink frog.
The blink frog hits you!
Unknown command.
Casting: Stone Arrow (safe; 0% risk of failure)
Confirm with . or Enter, or press ? or * to list all spells.
Aiming: Stone Arrow (safe; 0% risk of failure)
Press: ? - help, Shift-Dir - straight line, f/p - blink frog
Aim: a blink frog (61% to hit)
You feel a surge of power!
The stone arrow hits the blink frog!!
The blink frog is heavily wounded.
The blink frog hits you.
* * * LOW HITPOINT WARNING * * *
The blink frog hits you!
* * * LOW HITPOINT WARNING * * *
The blink frog hits you!!
You die...

#.....#....##
##.....##....##
#.....#.#.....#
###.....#####...###
#......## ##....#
#P....## #.#....
#......# ####...
##...>.## #.#..
#..@..## ####.
##FF...# #.
#..†..P# ##
#.....## #.
##.....## ##
#.......# ##.....##
#...†..# #.....##


You could see 2 blink frogs.

Vanquished Creatures
  2 hydras (Lair:1)
  A two-headed ogre (D:9)
  The ghost of croobank the Covert, a journeyman OpWz of Gozag (Lair:2)
  Erica (D:8)
  3 black mambas
  4 cane toads
  2 rime drakes (Lair:2)
  An unseen horror (D:8)
  3 komodo dragons (Lair:2)
  A polar bear (Lair:1)
  Grinder (D:3)
  3 blink frogs (Lair:3)
  2 slime creatures (Lair:2)
  Sigmund (D:2)
  2 steam dragons
  19 yaks
  2 basilisks
  Edmund (D:4)
  6 water moccasins
  3 orc warriors
  3 sky beasts
  2 ice beasts
  An ogre (D:6)
  3 black bears
  2 centaurs
  3 wolves (Lair:2)
  A phantom (D:5)
  3 kobold brigands
  Blork the orc (D:4)
  14 bullfrogs
  A scorpion (D:6)
  8 wights (D:7)
  4 killer bees (D:7)
  3 howler monkeys
  2 hounds (D:4)
  3 jellies (Lair:2)
  2 gnoll shamans
  9 orc priests
  3 iguanas
  Terence (D:2)
  6 orc wizards
  An ogre zombie (D:6)
  Robin (D:2)
  7 gnolls
  A gnoll zombie (D:6)
  An orc zombie (D:6)
  5 adders
  An ufetubus (D:6)
  4 worms
  2 dart slugs
  19 orcs
  3 bats
  2 endoplasms
  3 giant cockroaches
  11 goblins
  9 hobgoblins
  5 quokkas
  8 ball pythons
  5 frilled lizards
  9 kobolds
  3 rats
234 creatures vanquished.

Vanquished Creatures (collateral kills)
  Crazy Yiuf (D:4)
  An orc (D:5)
2 creatures vanquished.

Vanquished Creatures (others)
  32 fulminant prisms
  5 fungi
  8 plants
  19 withered plants (Gauntlet)
64 creatures vanquished.

Grand Total: 300 creatures vanquished

Notes
Turn   | Place    | Note
-------+----------+-------------------------------------------
     0 | D:1      | ders the Djinni Conjurer began the quest for the Orb.
     0 | D:1      | Reached XP level 1. HP: 15/15 MP: 0/0
   452 | D:1      | Reached XP level 2. HP: 20/21 MP: 0/0
  1071 | D:1      | Found a faded altar of an unknown god.
  1646 | D:2      | Reached XP level 3. HP: 15/25 MP: 0/0
  1646 | D:2      | Learned a level 1 spell: Sting
  1818 | D:2      | Reached skill level 4 in Spellcasting
  2058 | D:2      | Noticed Robin
  2067 | D:2      | Killed Robin
  2068 | D:2      | Reached XP level 4. HP: 12/31 MP: 0/0
  2604 | D:2      | Noticed Terence
  2627 | D:2      | Killed Terence
  2628 | D:2      | Reached XP level 5. HP: 7/35 MP: 0/0
  2628 | D:2      | Learned a level 2 spell: Poisonous Vapours
  2939 | D:2      | Noticed Sigmund
  2943 | D:2      | Killed Sigmund
  2944 | D:2      | Reached skill level 5 in Spellcasting
  2944 | D:2      | Reached XP level 6. HP: 33/40 MP: 0/0
  3287 | D:3      | Identified the +1 leather armour of the Cuttlefish {rCorr
                  | Int+2}
  3494 | D:3      | Noticed Grinder
  3497 | D:3      | Paralysed by Grinder for 5 turns
  3507 | D:3      | Killed Grinder
  3508 | D:3      | Reached skill level 6 in Spellcasting
  3508 | D:3      | Reached XP level 7. HP: 16/45 MP: 0/0
  3508 | D:3      | Learned a level 3 spell: Tukima's Dance
  4104 | D:3      | Reached skill level 7 in Spellcasting
  4298 | D:4      | Noticed Edmund
  4313 | D:4      | Killed Edmund
  4314 | D:4      | Reached XP level 8. HP: 35/50 MP: 0/0
  4836 | D:4      | Found a runed translucent door.
  4837 | D:4      | Noticed Crazy Yiuf
  4971 | D:4      | Noticed Blork the orc
  4978 | D:4      | Killed Blork the orc
  5042 | D:4      | Found a large runed translucent door.
  5042 | D:4      | Found a large runed translucent door.
  5044 | D:4      | Noticed IEatYoBabies's ghost (amateur KoHu)
  5308 | D:4      | Killed Crazy Yiuf
  5411 | D:5      | Entered Level 5 of the Dungeon
  5475 | D:5      | Reached skill level 8 in Spellcasting
  5903 | D:5      | Found Fexogiot's Assorted Antiques.
  6265 | D:5      | Bought a pair of gloves for 130 gold pieces
  6455 | D:6      | Reached XP level 9. HP: 47/55 MP: 0/0
  6455 | D:6      | Learned a level 3 spell: Stone Arrow
  6498 | D:6      | Found a transporter.
  6527 | D:6      | Reached skill level 9 in Spellcasting
  6648 | D:6      | Found a staircase to the Ecumenical Temple.
  6654 | Temple   | Entered the Ecumenical Temple
  6695 | Temple   | Became a worshipper of Ashenzari the Shackled
  7523 | D:6      | Found a transporter.
  8063 | D:7      | Reached skill level 10 in Spellcasting
  8543 | D:7      | Found a transporter.
  8557 | D:7      | Noticed porpoise's ghost (novice BaAM)
  8592 | D:7      | Identified the +0 scale mail of the Valley of Death {rPois
                  | rC+ Dex+2 Stlth+}
  8592 | D:7      | Identified the +4 kite shield of Gerphuning {rPois rF++
                  | Int-4 Stlth-}
  8597 | D:7      | Found a transporter.
  8604 | D:7      | Noticed Grum
  9056 | D:7      | Reached XP level 10. HP: 57/60 MP: 0/0
  9131 | D:7      | Found a glowing golden altar of the Shining One.
  9484 | D:8      | Identified 2 scrolls of acquirement
  9484 | D:8      | Acquired a staff of earth
  9487 | D:8      | Acquired the +1 pair of gloves "Uwkevac" {-Tele Fly rC+++
                  | Int+3}
  9658 | D:8      | Found a staircase to the Lair.
  9693 | D:8      | Reached skill level 11 in Spellcasting
  9693 | D:8      | Killed an unseen horror
 10155 | D:8      | Noticed Erica
 10163 | D:8      | Killed Erica
 10363 | D:8      | Reached skill level 12 in Spellcasting
 10987 | D:9      | Noticed a two-headed ogre
 10993 | D:9      | Killed a two-headed ogre
 10994 | D:9      | Reached XP level 11. HP: 18/65 MP: 0/0
 10994 | D:9      | Learned a level 4 spell: Summon Ice Beast
 11648 | D:9      | Reached skill level 13 in Spellcasting
 12270 | D:9      | Reached * piety under Ashenzari
 12337 | D:10     | Entered Level 10 of the Dungeon
 12359 | Lair:1   | Entered Level 1 of the Lair of Beasts
 12837 | Lair:1   | Noticed a four-headed hydra
 12844 | Lair:1   | Killed a four-headed hydra
 12947 | Lair:1   | Reached skill level 14 in Spellcasting
 13230 | Lair:1   | Reached XP level 12. HP: 44/70 MP: 0/0
 13854 | Lair:1   | Noticed a four-headed hydra
 13860 | Lair:1   | Killed a four-headed hydra
 14056 | Lair:1   | Identified the +1 ring mail of Eruetyed {rC++ Str+4 Int-3}
 14525 | Lair:2   | Found a runed translucent gate.
 14526 | Lair:2   | Found a runed translucent gate.
 14527 | Lair:2   | Found a runed translucent gate.
 14528 | Lair:2   | Noticed croobank's ghost (journeyman OpWz)
 14539 | Lair:2   | Found a viscous altar of Jiyva.
 14555 | Lair:2   | Killed croobank's ghost
 14556 | Lair:2   | Reached skill level 15 in Spellcasting
 15960 | Lair:3   | Found a gate leading to a gauntlet.
 15971 | Gauntlet | Entered a Gauntlet
 15971 | Gauntlet | Found a transporter.
 15971 | Gauntlet | Found a transporter.
 16006 | Gauntlet | Found a transporter.
 16006 | Gauntlet | Found a transporter.
 16014 | Gauntlet | Noticed a hell beast
 16016 | Gauntlet | Identified the ring "Ehuicw" {Fly Will+}
 16018 | Gauntlet | Found a transporter.
 16024 | Gauntlet | Identified the -2 pair of boots of Sifaitho {Will++ rCorr
                  | Slay+5}
 16025 | Gauntlet | Identified the +1 pair of gloves of Negligence {rN+ Will+
                  | Dex-3 SInv}
 16026 | Gauntlet | Found a transporter.
 16026 | Gauntlet | Found a transporter.
 16028 | Gauntlet | Noticed a quicksilver ooze
 16028 | Gauntlet | Noticed a reaper
 16044 | Gauntlet | Found a transporter.
 16047 | Gauntlet | Identified the ring "Pulej" {rCorr Str+6}
 16051 | Gauntlet | Found a transporter.
 16059 | Gauntlet | Identified the Handbook of Companions
 16063 | Gauntlet | Found a transporter.
 16081 | Gauntlet | Found a transporter.
 16103 | Gauntlet | Found a transporter.
 16140 | Gauntlet | Found a transporter.
 16155 | Gauntlet | Found a transporter.
 16155 | Gauntlet | Noticed a fire crab
 16164 | Gauntlet | Identified the ring "Maneud" {Ice rElec Will+}
 16255 | Gauntlet | Found a transporter.
 16259 | Gauntlet | Noticed an entropy weaver
 16269 | Gauntlet | Identified the +0 pair of boots of Qazlal's Whim {+Blink
                  | rN+++ Str+6 Stlth-}
 16271 | Gauntlet | Found a transporter.
 16294 | Gauntlet | Identified the ring "Boninito" {rF+ rCorr}
 16470 | Lair:3   | Mangled by a blink frog

Illustrated notes

Levels and vault maps discovered:
D:1:      giann_wishing_wells, layout_loops_corners,
          shapermc_ecumenical_altar_mp_vishouse
D:2:      layout_basic, uniq_terence, uniq_robin, uniq_sigmund
D:3:      layout_loops_ring, roderic_lattice_a, kennysheep_crisscross,
          kennysheep_generic_room_5, uniq_grinder
D:4:      layout_rooms, ebering_ghost_disaster_area, uniq_edmund,
          uniq_crazy_yiuf_cottage, uniq_blork_the_orc
D:5:      layout_basic, serial_shops, kennysheep_mini
D:6:      gammafunk_cloud_chamber, layout_loops_ring, minmay_temple_entry_fiery,
          kennysheep_donut, eino_small_chamber_without_monster
D:7:      layout_rooms, mainiacjoe_overflow_two_lobes,
          gammafunk_ghost_gnarly_gnolls, lemuel_flame_loot_1
D:8:      layout_gridville, dpeg_oklobed_lair, enter_bailey_4,
          minmay_starry_boxes, uniq_erica
D:9:      layout_small_grid
D:10:     layout_gridville, david_orc_1_choice, ebering_ghost_disaster_area
Temple:   mainiacjoe_temple_big_plus
Lair:1:   layout_chaotic_city, minivault_27, grunt_megastairs_4
Lair:2:   layout_cave_pods, gammafunk_ghost_ooze, minivault_19
Lair:3:   layout_hall_layers, gauntlet_entry_generic

Skill      XL: |  1  2  3  4  5  6  7  8  9 10 11 12 |
---------------+-------------------------------------+-----
Spellcasting   | 4 5 6 7 8 10 12 14 15 | 15.5
Dodging        | |  2.1
Stealth        | |  1.5

Action                   |  1- 3 |  4- 6 |  7- 9 | 10-12 || total
-------------------------+-------+-------+-------+-------++-------
Melee: Staff             |       |       |     2 |       ||     2
 Cast: Magic Dart        |    54 |    44 |   106 |   108 ||   312
       Searing Ray       |     4 |    14 |     6 |       ||    24
       Sting             |     3 |     8 |     1 |       ||    12
       Fulminant Prism   |       |       |    15 |    17 ||    32
       Poisonous Vapours |       |       |     8 |       ||     8
       Iskenderun's Myst |       |       |    12 |    25 ||    37
       Tukima's Dance    |       |       |     5 |       ||     5
       Stone Arrow       |       |       |    38 |   143 ||   181
Invok: Curse Item        |       |       |       |     2 ||     2
  Use: Scroll            |       |       |     7 |     2 ||     9
       Potion            |       |       |     1 |     1 ||     2
Armor: Robe              |       |       |     4 |     1 ||     5
       Steam dragon scal |       |       |       |     8 ||     8
       Skin              |       |       |       |     2 ||     2
Dodge: Dodged            |     6 |     8 |    14 |    18 ||    46

Table legend: (Time is in decaauts)
 A = Elapsed time spent in this place.
 B = Non-inter-level travel time spent in this place.
 C = Inter-level travel time spent in this place.
 D = Time resting spent in this place.
 E = Time spent auto-exploring this place.
 F = Levels seen in this place.
 G = Mean time per level.
                   A        B        C        D        E       F      G
               +--------+--------+--------+--------+--------+-----+--------+
         Total |  16539 |  16080 |    459 |   2765 |  11766 |  15 | 1102.6 |
       Dungeon |  12328 |  11967 |    361 |   2676 |   8185 |  10 | 1232.8 |
        Temple |     63 |     42 |     21 |      0 |     35 |   1 |   63.0 |
          Lair |   3749 |   3672 |     77 |     89 |   3244 |   3 | 1249.7 |
      Gauntlet |    397 |    397 |      0 |      0 |    302 |   1 |  397.0 |
               +--------+--------+--------+--------+--------+-----+--------+

Top non-repeatable levels by time:
  Lair:1: 1950 daAuts
     D:2: 1745 daAuts
     D:8: 1672 daAuts
  Lair:2: 1668 daAuts
     D:6: 1605 daAuts
     D:7: 1529 daAuts
     D:1: 1368 daAuts
     D:9: 1235 daAuts
     D:3: 1168 daAuts
     D:4: 1126 daAuts
     D:5: 873 daAuts
Gauntlet: 397 daAuts
  Lair:3: 131 daAuts
  Temple: 63 daAuts
    D:10: 1 daAuts
